 Dungeon Crawl Stone Soup version 0.19-a0-1937-g70ed36a (webtiles) character file.

100 JeffiDaFish the Skirmisher (level 4, -7/40 HPs)
             Began as a Hill Orc Fighter on Oct 26, 2016.
             Mangled by a gnoll
             ... wielding a cursed -1 halberd
              (10 damage)
             ... on level 2 of the Dungeon.
             The game lasted 00:06:52 (1734 turns).

JeffiDaFish the Skirmisher (Hill Orc Fighter)       Turns: 1734, Time: 00:06:53

Health: -7/40      AC:  7    Str: 19    XL:     4   Next: 73%
Magic:  4/4        EV:  7    Int:  8    God:
Gold:   119        SH:  9    Dex: 10    Spells: 0 memorised, 3 levels left

rFire  . . .     SeeInvis +     a - +0 war axe
rCold  . . .     Gourm    .     b - +0 scale mail
rNeg   . . .     Faith    .     c - +0 shield
rPois  +         Spirit   .     (helmet restricted)
rElec  .         Reflect  .     (no cloak)
rCorr  .         Harm     .     (no gloves)
MR     .....     Rnd*Rage +     (no boots)
Stlth  ..........               (no amulet)
                                (no ring)
                                (no ring)

@: no status effects
A: horns 1, see invisible, berserk 1, poison resistance, wild magic 1
a: no special abilities


You were on level 2 of the Dungeon.
You were not hungry.

You visited 1 branch of the dungeon, and saw 2 of its levels.

You collected 119 gold pieces.

Inventory:

Hand Weapons
 a - a +0 war axe (weapon)
Armour
 b - a +0 scale mail (worn)
 c - a +0 shield (worn)
Scrolls
 e - a scroll of remove curse
 h - 2 scrolls of identify
Potions
 d - a potion of might
Comestibles
 f - a bread ration
 i - 2 beef jerkies
 k - a meat ration


   Skills:
 + Level 4.3 Fighting
 + Level 4.0 Axes
 + Level 4.1 Armour
 + Level 0.2 Dodging
 + Level 4.0 Shields


You had 3 spell levels left.
You didn't know any spells.

Dungeon Overview and Level Annotations

Branches:
Dungeon (2/15)

Altars:
Zin


Innate Abilities, Weirdness & Mutations

You have a pair of small horns on your head.
You have supernaturally acute eyesight. (SInv)
You tend to lose your temper in combat.
Your system is resistant to poisons. (rPois)
Your spells are a little harder to cast, but a little more powerful.


Message History

The gnoll hits you but does no damage.
The gnoll hits you from afar with a spear.
* * * LOW HITPOINT WARNING * * *
You block the gnoll's attack.
You hit the gnoll but do no damage.
The gnoll is severely wounded.
The gnoll closely misses you.
The gnoll hits you from afar with a spear.
* * * LOW HITPOINT WARNING * * *
The gnoll completely misses you. The gnoll barely misses you.
Your shield and scale mail prevent you from hitting the gnoll.
The gnoll is severely wounded.
The gnoll closely misses you. The gnoll hits you with a spear.
* * * LOW HITPOINT WARNING * * *
You block the gnoll's attack. The gnoll hits you but does no damage.
You completely miss the gnoll. Your headbutt misses the gnoll.
The gnoll is severely wounded.
The gnoll hits you but does no damage.
The gnoll hits you from afar with a halberd!
You die...

##................# #)......).
#.####...........# #.........
#.####...........######.........
#.#......#......................
#.#......########...###.........
#.....................#.#.######
###......#####......#.#.#.#
##.#.####.#.......#.#.#.#
#.#......#.g@....#.#...#
#.#..............#.#######
#.#..###.#.gg....#.......# #
#.#..###.##......##.##...# #
#....##....(.....##.##...#
#######.#..(.##.#.#####.##...#
......(...#†###.#.# #.##...##
#########.#.# #.#.# #.......#
.)........#.###.#.# ####....###


You could see 3 gnolls.

Vanquished Creatures
  Robin (D:2)
  A gnoll (D:2)
  2 adders (D:2)
  A worm (D:2)
  3 dart slugs
  3 leopard geckos
  6 bats
  A giant cockroach (D:1)
  10 goblins
  7 hobgoblins
  A frilled lizard (D:2)
  8 kobolds
  6 rats
50 creatures vanquished.

Notes
Turn   | Place    | Note
-------+----------+-------------------------------------------
     0 | D:1      | JeffiDaFish the Hill Orc Fighter began the quest for the Orb.
     0 | D:1      | Reached XP level 1. HP: 19/19 MP: 1/1
   100 | D:1      | Reached XP level 2. HP: 27/27 MP: 2/2
   145 | D:1      | Gained mutation: You tend to lose your temper in combat. [potion of mutation]
   145 | D:1      | Gained mutation: Your system is resistant to poisons. (rPois) [potion of mutation]
   145 | D:1      | Gained mutation: You have supernaturally acute eyesight. (SInv) [potion of mutation]
   146 | D:1      | Gained mutation: You have a pair of small horns on your head. [potion of mutation]
   146 | D:1      | Gained mutation: Your spells are a little harder to cast, but a little more powerful. [potion of mutation]
   732 | D:2      | Reached XP level 3. HP: 33/33 MP: 3/3
   791 | D:2      | Found a glowing silver altar of Zin.
   908 | D:2      | Noticed Robin
   929 | D:2      | Killed Robin
  1313 | D:2      | Reached XP level 4. HP: 35/40 MP: 4/4
  1733 | D:2      | HP: 2/40 [gnoll/spear (3)]
  1734 | D:2      | Mangled by a gnoll

Vault maps used:
D:1:      minmay_arrival_split_and_join
D:2:      lemuel_round_altar, uniq_robin

Skill      XL: |  1  2  3  4 |
---------------+-------------+-----
Fighting       | 4 |  4.3
Axes           | 3 4 |  4.0
Armour         | 4 |  4.1
Shields        | 4 |  4.0
Dodging        | |  0.2

Action                   |  1- 3 |  4- 6 || total
-------------------------+-------+-------++-------
Melee: War axe           |    96 |    64 ||   160
       Headbutt          |    11 |     5 ||    16
  Use: Scroll            |     6 |       ||     6
       Potion            |     6 |       ||     6
  Eat: Chunk             |     2 |     1 ||     3
Armor: Scale mail        |    54 |    37 ||    91
Dodge: Dodged            |    34 |    36 ||    70
Block: Shield            |    50 |    44 ||    94
